PA
GWINNETT COUNTY BLACK CATS @ HOGSMEADE CAULDRONS
06/17/2027
 
TOP OF THE 1ST
Gwinnett County Black Cats batting - Pitching for Hogsmeade Cauldrons : LHP León Vallejo
Pitching: LHP León Vallejo
Batting: RHB Sidney Mackell 0-0: Ball
1-0: Ball
2-0: Called Strike
2-1: Called Strike
2-2: Strikes out looking
Batting: RHB Neil Sanderson 0-0: Ground out 6-3 (Groundball, 6)
Batting: SHB Melito Báez 0-0: Reached on error, E5 (Groundball, 5L)
Batting: SHB Raúl Rodríguez 0-0: Ball
1-0: Swinging Strike
1-1: Fly out, F8 (Flyball, 8RM)
Top of the 1st over - 0 run(s), 0 hit(s), 1 error(s), 1 left on base; Gwinnett County 0 - Hogsmeade 0
BOTTOM OF THE 1ST
Hogsmeade Cauldrons batting - Pitching for Gwinnett County Black Cats : RHP Octavius Pringle
Pitching: RHP Octavius Pringle
Batting: RHB Robinson Barquero 0-0: Fly out, F9 (Flyball, 9LSF)
Batting: LHB José Cuervo 0-0: Ball
1-0: Ground out U3 (Groundball, 2R)
Batting: RHB Paul Penrice 0-0: Called Strike
0-1: Called Strike
0-2: Ball
1-2: Strikes out swinging
Bottom of the 1st over - 0 run(s), 0 hit(s), 0 error(s), 0 left on base; Gwinnett County 0 - Hogsmeade 0
TOP OF THE 2ND
Gwinnett County Black Cats batting - Pitching for Hogsmeade Cauldrons : LHP León Vallejo
Batting: RHB Matt Jeong 0-0: Ball
1-0: Foul Ball, location: 2F
1-1: Ball
2-1: Swinging Strike
2-2: Foul Ball, location: 2F
2-2: Ball
3-2: Strikes out looking
Batting: RHB Chang-lit Min 0-0: SINGLE (Groundball, 56) (infield hit)
Batting: LHB Darrell Woodmansee 0-0: Called Strike
0-1: Called Strike
0-2: Ball
1-2: Ball
2-2: Ball
3-2: SINGLE (Groundball, 6MS) (infield hit)
Chang-lit Min to second
Batting: RHB Rikky van Opel 0-0: Called Strike
0-1: Ball
1-1: Grounds into double play, 1-4-3 (Groundball, 15)
Top of the 2nd over - 0 run(s), 2 hit(s), 0 error(s), 1 left on base; Gwinnett County 0 - Hogsmeade 0
BOTTOM OF THE 2ND
Hogsmeade Cauldrons batting - Pitching for Gwinnett County Black Cats : RHP Octavius Pringle
Batting: LHB Cris Gonzáles 0-0: Ball
1-0: Ball
2-0: Foul Ball, location: 2F
2-1: Swinging Strike
2-2: Foul Ball, location: 2F
2-2: Strikes out swinging
Batting: RHB Jason Ward 0-0: Ball
1-0: Ball
2-0: Ball
3-0: Called Strike
3-1: Ground out 5-3 (Groundball, 5L)
Batting: RHB Mitchell Westerbos 0-0: Called Strike
0-1: Foul Ball, location: 2F
0-2: Ball
1-2: Foul Ball, location: 2F
1-2: Foul Ball, location: 2F
1-2: Ball
2-2: Ball
3-2: Foul Ball, location: 2F
3-2: Fly out, F8 (Flyball, 8LM)
Bottom of the 2nd over - 0 run(s), 0 hit(s), 0 error(s), 0 left on base; Gwinnett County 0 - Hogsmeade 0
TOP OF THE 3RD
Gwinnett County Black Cats batting - Pitching for Hogsmeade Cauldrons : LHP León Vallejo
Batting: LHB Octávio Ontiveros 0-0: Called Strike
0-1: DOUBLE (Line Drive, 8RM)
Batting: RHB Sidney Mackell 0-0: Ball
1-0: Ground out 6-3 (Groundball, 6)
Octávio Ontiveros to third
Batting: RHB Neil Sanderson 0-0: Foul Ball, location: 2F
0-1: Ball
1-1: Foul Ball, location: 2F
1-2: Strikes out swinging, 2-3 out at first.
Batting: SHB Melito Báez 0-0: Called Strike
0-1: Fly out, F9 (Line Drive, 9)
Top of the 3rd over - 0 run(s), 1 hit(s), 0 error(s), 1 left on base; Gwinnett County 0 - Hogsmeade 0
BOTTOM OF THE 3RD
Hogsmeade Cauldrons batting - Pitching for Gwinnett County Black Cats : RHP Octavius Pringle
Batting: LHB Alistair Mix 0-0: Ball
1-0: Ball
2-0: Called Strike
2-1: Fly out, F7 (Flyball, 7)
Batting: SHB Nolan Halverson 0-0: Ball
1-0: Ball
2-0: Called Strike
2-1: Ball
3-1: Called Strike
3-2: Strikes out looking
Batting: RHB José Vargas 0-0: Foul Ball, location: 2F
0-1: Called Strike
0-2: Strikes out looking
Bottom of the 3rd over - 0 run(s), 0 hit(s), 0 error(s), 0 left on base; Gwinnett County 0 - Hogsmeade 0
TOP OF THE 4TH
Gwinnett County Black Cats batting - Pitching for Hogsmeade Cauldrons : LHP León Vallejo
Batting: SHB Raúl Rodríguez 0-0: Ball
1-0: Called Strike
1-1: Swinging Strike
1-2: Ball
2-2: Strikes out swinging
Batting: RHB Matt Jeong 0-0: Fly out, F9 (Flyball, 89M)
Batting: RHB Chang-lit Min 0-0: Called Strike
0-1: Ball
1-1: Ball
2-1: Ball
3-1: Called Strike
3-2: DOUBLE (Flyball, 89XD)
Batting: LHB Darrell Woodmansee 0-0: Called Strike
0-1: Ball
1-1: Called Strike
1-2: Ball
2-2: Strikes out looking
Top of the 4th over - 0 run(s), 1 hit(s), 0 error(s), 1 left on base; Gwinnett County 0 - Hogsmeade 0
BOTTOM OF THE 4TH
Hogsmeade Cauldrons batting - Pitching for Gwinnett County Black Cats : RHP Octavius Pringle
Batting: RHB Robinson Barquero 0-0: Called Strike
0-1: Foul Ball, location: 2F
0-2: Strikes out looking
Batting: LHB José Cuervo 0-0: Called Strike
0-1: Foul Ball, location: 2F
0-2: Ball
1-2: Ball
2-2: Strikes out swinging
Batting: RHB Paul Penrice 0-0: Ball
1-0: Ball
2-0: Ball
3-0: Base on Balls
Batting: LHB Cris Gonzáles 0-0: Ball
1-0: Ball
2-0: Foul Ball, location: 2F
2-1: Foul Ball, location: 2F
2-2: Fielders Choice at 2nd, 4-6 (Groundball, 4)
Bottom of the 4th over - 0 run(s), 0 hit(s), 0 error(s), 0 left on base; Gwinnett County 0 - Hogsmeade 0
TOP OF THE 5TH
Gwinnett County Black Cats batting - Pitching for Hogsmeade Cauldrons : LHP León Vallejo
Batting: RHB Rikky van Opel 0-0: Ball
1-0: Swinging Strike
1-1: Ground out 6-3 (Groundball, 6)
Batting: LHB Octávio Ontiveros 0-0: Foul Ball, location: 2F
0-1: Swinging Strike
0-2: Strikes out swinging
Batting: RHB Sidney Mackell 0-0: Foul Ball, location: 2F
0-1: Ball
1-1: Ball
2-1: Swinging Strike
2-2: Strikes out swinging
Top of the 5th over - 0 run(s), 0 hit(s), 0 error(s), 0 left on base; Gwinnett County 0 - Hogsmeade 0
BOTTOM OF THE 5TH
Hogsmeade Cauldrons batting - Pitching for Gwinnett County Black Cats : RHP Octavius Pringle
Batting: RHB Jason Ward 0-0: Ball
1-0: Ball
2-0: Called Strike
2-1: Called Strike
2-2: Ball
3-2: Fly out, F6 (Popup, 56D)
Batting: RHB Mitchell Westerbos 0-0: Ball
1-0: Foul Ball, location: 2F
1-1: Called Strike
1-2: Hit by Pitch
Batting: LHB Alistair Mix 0-0: SINGLE (Groundball, 56D)
Mitchell Westerbos to second
Batting: SHB Nolan Halverson 0-0: Called Strike
0-1: Swinging Strike
0-2: Ground out U3 (Groundball, 3)
Mitchell Westerbos to third
Alistair Mix to second
Batting: RHB José Vargas 0-0: Ball
1-0: Called Strike
1-1: Swinging Strike
1-2: Strikes out swinging
Bottom of the 5th over - 0 run(s), 1 hit(s), 0 error(s), 2 left on base; Gwinnett County 0 - Hogsmeade 0
TOP OF THE 6TH
Gwinnett County Black Cats batting - Pitching for Hogsmeade Cauldrons : LHP León Vallejo
Batting: RHB Neil Sanderson 0-0: Ball
1-0: Ball
2-0: Called Strike
2-1: Bunt for hit - play at first, batter OUT! 2-3
Batting: SHB Melito Báez 0-0: Foul Ball, location: 2F
0-1: Called Strike
0-2: Ball
1-2: Foul Ball, location: 2F
1-2: Foul Ball, location: 2F
1-2: Strikes out swinging
Batting: SHB Raúl Rodríguez 0-0: Ball
1-0: Ball
2-0: Foul Ball, location: 2F
2-1: Swinging Strike
2-2: Foul Ball, location: 2F
2-2: Ball
3-2: Ground out 3-1 (Groundball, 34)
Top of the 6th over - 0 run(s), 0 hit(s), 0 error(s), 0 left on base; Gwinnett County 0 - Hogsmeade 0
BOTTOM OF THE 6TH
Hogsmeade Cauldrons batting - Pitching for Gwinnett County Black Cats : RHP Octavius Pringle
Batting: RHB Robinson Barquero 0-0: Ball
1-0: Ball
2-0: Ball
3-0: Foul Ball, location: 2F
3-1: Swinging Strike
3-2: Foul Ball, location: 2F
3-2: Strikes out swinging
Batting: LHB José Cuervo 0-0: Called Strike
0-1: Ball
1-1: Ball
2-1: Swinging Strike
2-2: Ground out 3-1 (Groundball, 34)
Batting: RHB Paul Penrice 0-0: Ball
1-0: Foul Ball, location: 2F
1-1: Called Strike
1-2: Foul Ball, location: 2F
1-2: Foul Ball, location: 2F
1-2: Ball
2-2: Strikes out swinging
Bottom of the 6th over - 0 run(s), 0 hit(s), 0 error(s), 0 left on base; Gwinnett County 0 - Hogsmeade 0
TOP OF THE 7TH
Gwinnett County Black Cats batting - Pitching for Hogsmeade Cauldrons : LHP León Vallejo
Batting: RHB Matt Jeong 0-0: Ball
1-0: Called Strike
1-1: Ball
2-1: Fly out, F7 (Flyball, 78M)
Batting: RHB Chang-lit Min 0-0: Ball
1-0: Called Strike
1-1: Swinging Strike
1-2: Foul Ball, location: 2F
1-2: Foul Ball, location: 2F
1-2: Foul Ball, location: 2F
1-2: Ball
2-2: Fly out, F8 (Flyball, 78M)
Batting: LHB Darrell Woodmansee 0-0: Ball
1-0: Foul Ball, location: 2F
1-1: Ball
2-1: Ground out U3 (Groundball, 3)
Top of the 7th over - 0 run(s), 0 hit(s), 0 error(s), 0 left on base; Gwinnett County 0 - Hogsmeade 0
BOTTOM OF THE 7TH
Hogsmeade Cauldrons batting - Pitching for Gwinnett County Black Cats : RHP Octavius Pringle
Batting: LHB Cris Gonzáles 0-0: Ball
1-0: Swinging Strike
1-1: Foul Ball, location: 2F
1-2: SINGLE (Flyball, 7S)
Batting: RHB Jason Ward 0-0: Foul Ball, location: 2F
0-1: Swinging Strike
0-2: Strikes out swinging
Batting: RHB Mitchell Westerbos 0-0: Called Strike
0-1: Ball
1-1: Ball
2-1: Ball
3-1: Base on Balls
Cris Gonzáles to second
Pinch Hitting: RHB Jim Unknown 0-0: Foul Ball, location: 2F
0-1: Fielders Choice at 3rd, U5 (Groundball, 5L)
Mitchell Westerbos to second
Pinch Hitting: RHB Jim Unknown 0-0: Ball
1-0: Ball
2-0: Swinging Strike
2-1: Fielders Choice at 2nd, 6-4 (Groundball, 6)
Bottom of the 7th over - 0 run(s), 1 hit(s), 0 error(s), 1 left on base; Gwinnett County 0 - Hogsmeade 0
TOP OF THE 8TH
Gwinnett County Black Cats batting - Pitching for Hogsmeade Cauldrons : LHP León Vallejo
Now at 3B: Jim Unknown
Now in LF: Cody Skillings
Pinch Hitting: RHB Juan León 0-0: Ball
1-0: Called Strike
1-1: Called Strike
1-2: Foul Ball, location: 2F
1-2: Ground out 1-3 (Groundball, P)
Pinch Hitting: RHB Scott McMahon 0-0: Ball
1-0: Ball
2-0: Ball
3-0: Called Strike
3-1: Foul Ball, location: 2F
3-2: SINGLE (Line Drive, 6D)
Pinch Runner at 1st Edgardo De Jesús:
Batting: RHB Sidney Mackell 0-0: Ball
1-0: Ball
2-0: Foul Ball, location: 2F
2-1: Ball
3-1: Foul Ball, location: 2F
3-2: Foul Ball, location: 2F
3-2: Base on Balls
Edgardo De Jesús to second
Pitching: RHP Pancho Ortíz
Pinch Hitting: LHB Jim Unknown 0-0: Ball
1-0: Ball
2-0: Ball
3-0: Base on Balls
Edgardo De Jesús to third
Sidney Mackell to second
Batting: SHB Melito Báez 0-0: Called Strike
0-1: Ball
1-1: Foul Ball, location: 2F
1-2: Fly out, F9 (Flyball, 9LSF)
Runner from 3rd tags up, SCORES, no throw
Batting: SHB Raúl Rodríguez 0-0: Ball
1-0: Ball
2-0: Fielders Choice at 2nd, 4-6 (Groundball, 4)
Top of the 8th over - 1 run(s), 1 hit(s), 0 error(s), 1 left on base; Gwinnett County 1 - Hogsmeade 0
BOTTOM OF THE 8TH
Hogsmeade Cauldrons batting - Pitching for Gwinnett County Black Cats : RHP Octavius Pringle
Now at 1B: Ramón Vega
Now in LF: Jim Unknown
Now in CF: Edgardo De Jesús
Batting: RHB José Vargas 0-0: Called Strike
0-1: Foul Ball, location: 2F
0-2: Ball
1-2: Fly out, F7 (Flyball, 7LS)
Batting: RHB Robinson Barquero 0-0: Ball
1-0: Fly out, F9 (Flyball, 9S)
Batting: LHB José Cuervo 0-0: Fly out, F8 (Flyball, 8RM)
Bottom of the 8th over - 0 run(s), 0 hit(s), 0 error(s), 0 left on base; Gwinnett County 1 - Hogsmeade 0
TOP OF THE 9TH
Gwinnett County Black Cats batting - Pitching for Hogsmeade Cauldrons : RHP Pancho Ortíz
Batting: RHB Matt Jeong 0-0: SINGLE (Line Drive, 9S)
Batting: RHB Chang-lit Min 0-0: Bunted foul
0-1: Sac Bunt - play at first, batter OUT! 5-4
Matt Jeong to second
Batting: LHB Darrell Woodmansee 0-0: Intentional Walk
Pinch Hitting: LHB Jim Unknown 0-0: Called Strike
0-1: Ball
1-1: Foul Ball, location: 2F
1-2: Strikes out swinging
Batting: LHB Edgardo De Jesús 0-0: Ball
1-0: Ball
2-0: Fly out, F7 (Flyball, 7LSF)
Top of the 9th over - 0 run(s), 1 hit(s), 0 error(s), 2 left on base; Gwinnett County 1 - Hogsmeade 0
BOTTOM OF THE 9TH
Hogsmeade Cauldrons batting - Pitching for Gwinnett County Black Cats : RHP Octavius Pringle
Pitching: RHP José Quintero
Now at 2B: Addie Kattenberg
Batting: RHB Paul Penrice 0-0: Ball
1-0: Called Strike
1-1: Ball
2-1: Foul Ball, location: 2F
2-2: Ball
3-2: Base on Balls
Batting: LHB Cris Gonzáles 0-0: Swinging Strike
0-1: Called Strike
0-2: Foul Ball, location: 2F
0-2: Ball
1-2: Foul Ball, location: 2F
1-2: Ball
2-2: Ball
3-2: Base on Balls
Paul Penrice to second
Batting: RHB Jason Ward 0-0: Ball
1-0: Called Strike
1-1: Ball
2-1: Ball
3-1: Foul Ball, location: 2F
3-2: Fielders Choice at 2nd, 6-4 (Groundball, 56)
Paul Penrice to third
Batting: RHB Mitchell Westerbos 0-0: Called Strike
0-1: Grounds into double play, 4-6-3 (Groundball, 4M)
Bottom of the 9th over - 0 run(s), 0 hit(s), 0 error(s), 1 left on base; Gwinnett County 1 - Hogsmeade 0
Saturday, May 26th, 2018 - OOTP Baseball 17.12 Build 75